 Dungeon Crawl Stone Soup version 0.28-a0-1506-g3893175d92 (webtiles) character file.

Game seed: 3513190607643155451

281 bande the Covered (level 6, -8/38 HPs)
             Began as a Gargoyle Fighter on Jan 13, 2022.
             Mangled by browni3141's ghost (9 damage)
             ... on level 3 of the Dungeon.
             The game lasted 00:06:37 (3803 turns).

bande the Covered (Gargoyle Fighter)                Turns: 3803, Time: 00:06:38

Health: -8/38      AC: 14    Str: 19    XL:     6   Next: 27%
Magic:  6/6        EV:  7    Int:  9    God:
Gold:   117        SH:  4    Dex: 11    Spells: 5/5 levels left

rFire   . . .      SeeInvis .   a - +0 war axe
rCold   . . .      Faith    .   c - +0 buckler
rNeg    + . .      Spirit   .   j - +0 chain mail
rPois   ∞          Reflect  .   (no helmet)
rElec   +          Harm     .   (no cloak)
rCorr   .          Rampage  .   (no gloves)
Will    .....                   (no boots)
Stlth   ..........              (no amulet)
HPRegen 0.12/turn               (no ring)
MPRegen 0.10/turn               (no ring)

@: brilliant
A: sickness immunity, AC +4, negative energy resistance 1, electricity
resistance, torment resistance 1, petrification resistance
a: no special abilities


You were on level 3 of the Dungeon.
You visited 1 branch of the dungeon, and saw 3 of its levels.

You collected 117 gold pieces.

Inventory:

Hand Weapons
 a - a +0 war axe (weapon)
Missiles
 o - 2 throwing nets (quivered)
Armour
 c - a +0 buckler (worn)
 j - a +0 chain mail (worn)
Jewellery
 b - a ring of see invisible
Wands
 h - a wand of paralysis (3)
Scrolls
 f - a scroll of teleportation
 i - a scroll of blinking
 m - a scroll of amnesia
 q - a scroll of identify
Potions
 d - a potion of might
 g - a potion of cancellation
 k - a potion of flight
 l - 3 potions of mutation
 p - a potion of lignification {unknown}
 r - a potion of attraction {unknown}


   Skills:
 + Level 4.2 Fighting
 + Level 4.1 Axes
 + Level 4.7 Armour
 + Level 4.0 Shields


You had 5 spell levels left.
You didn't know any spells.
Your spell library was empty.

Dungeon Overview and Level Annotations

Branches:
Dungeon (3/15)

Altars:

Annotations:
D:3 browni3141's ghost, amateur HuFi


Innate Abilities, Weirdness & Mutations

You are immune to sickness and miasma.
Your stone body is resilient. (AC +4)
You are immune to poison.
You resist negative energy. (rN+)
You are resistant to electric shocks. (rElec)
You are resistant to unholy torment.
You are immune to petrification.


Message History

Unknown command.
You hit browni3141's ghost but do no damage.
Browni3141's ghost is moderately damaged.
You hit the adder. The adder bites you but does no damage.
Browni3141's ghost hits you. The adder bites you but does no damage.
You hit browni3141's ghost.
Browni3141's ghost is moderately damaged.
You slash the adder!
You kill the adder!
Browni3141's ghost closely misses you.
Browni3141's ghost hits you but does no damage.
You hit browni3141's ghost but do no damage.
Browni3141's ghost is moderately damaged.
Browni3141's ghost completely misses you.
You hit browni3141's ghost.
Browni3141's ghost is moderately damaged.
Browni3141's ghost hits you.
You slash browni3141's ghost!
Browni3141's ghost is heavily damaged.
Browni3141's ghost hits you. x2
Unknown command.
You slash browni3141's ghost!
Browni3141's ghost is severely damaged.
Browni3141's ghost hits you!
* * * LOW HITPOINT WARNING * * *
You barely miss browni3141's ghost.
Browni3141's ghost is severely damaged.
Browni3141's ghost hits you but does no damage.
You hit browni3141's ghost.
Browni3141's ghost is almost destroyed.
Browni3141's ghost hits you.
* * * LOW HITPOINT WARNING * * *
Browni3141's ghost completely misses you.
Unknown command.
It was a potion of magic.
Magic courses through your body.
Browni3141's ghost hits you but does no damage.
It was a potion of brilliance.
You feel clever all of a sudden. Browni3141's ghost hits you!
You die...

# #.<#### #)# #.# #
#.#.#≈# #.# #.# #
#.###$# #.######.##
## #####.# #≈#
#.........#
.#######...#.# #≈#
######....#
.....##.###..###≈##
#.##.# [###.#.##
##.###≈#### #.##.##
......## ##..#W#..#
#.#.... ......#
#..†@†..#######.#..##
###...##
##..####............#
##..#.## ##)#.#
#####.###.#..##
##...##.###.##.#
##...##.##...
.....###...###.#
##.....#.##### ##..##
##### #.# #........#
)...# ### ##.....###
##.## ##≈≈≈§§≈≈§##
##..)## #.#
##§≈≈≈≈§§§≈§## ##.##


You could see browni3141's ghost.

Vanquished Creatures
  An iguana (D:3)
  Ijyb (D:3)
  Terence (D:3)
  2 orc wizards (D:3)
  7 adders
  A gnoll (D:3)
  A worm (D:2)
  A dart slug (D:3)
  3 orcs (D:3)
  4 ball pythons
  4 bats
  4 endoplasms
  4 giant cockroaches
  6 hobgoblins
  17 jackals
  2 quokkas (D:1)
  2 frilled lizards
  6 goblins
  3 kobolds
  5 rats
75 creatures vanquished.

Notes
Turn   | Place    | Note
-------+----------+-------------------------------------------
     0 | D:1      | bande the Gargoyle Fighter began the quest for the Orb.
     0 | D:1      | Reached XP level 1. HP: 14/14 MP: 1/1
   217 | D:1      | Reached XP level 2. HP: 19/19 MP: 2/2
   748 | D:1      | Reached XP level 3. HP: 24/24 MP: 3/3
  1168 | D:1      | Found a faded altar of an unknown god.
  1816 | D:2      | Reached XP level 4. HP: 24/29 MP: 4/4
  2316 | D:3      | Found a runed translucent door.
  2331 | D:3      | Noticed Ijyb
  2350 | D:3      | Paralysed by Ijyb for 6 turns
  2367 | D:3      | Killed Ijyb
  2368 | D:3      | Reached XP level 5. HP: 15/33 MP: 5/5
  3197 | D:3      | Noticed browni3141's ghost (amateur HuFi)
  3227 | D:3      | Reached XP level 6. HP: 38/38 MP: 6/6
  3350 | D:3      | Noticed Terence
  3360 | D:3      | Killed Terence
  3801 | D:3      | HP: 1/38 [browni3141's ghost (3)]
  3803 | D:3      | Mangled by browni3141's ghost

Illustrated notes

Levels and vault maps discovered:
D:1:      tarquinn_simple_flora_water_d, layout_basic,
          dreamdust_ecumenical_altar_hidden_monk_grotto,
          chequers_serial_rivers_micro_a
D:2:      layout_rooms
D:3:      kennysheep_big_flooded_room, layout_loops_ring, serial_glass,
          glass_columns_b, glass_columns_b, item_on_display_a, feat_on_display,
          ebering_ghost_sewer_d, st_stairs_7, uniq_terence, uniq_ijyb

Skill      XL: |  1  2  3  4  5  6 |
---------------+-------------------+-----
Axes           | 2 3 4 |  4.1
Fighting       | 4 |  4.2
Armour         | 4 |  4.7
Shields        | 4 |  4.0

Action                   |  1- 3 |  4- 6 || total
-------------------------+-------+-------++-------
Melee: War axe           |   104 |   159 ||   263
  Use: Scroll            |     7 |     3 ||    10
       Potion            |       |     4 ||     4
Armor: Chain mail        |    89 |   136 ||   225
       Scale mail        |     3 |       ||     3
Dodge: Dodged            |    46 |    55 ||   101
Block: Buckler           |    31 |    39 ||    70

Table legend: (Time is in decaauts)
 A = Elapsed time spent in this place.
 B = Non-inter-level travel time spent in this place.
 C = Inter-level travel time spent in this place.
 D = Time resting spent in this place.
 E = Time spent auto-exploring this place.
 F = Levels seen in this place.
 G = Mean time per level.
                   A        B        C        D        E       F      G
               +--------+--------+--------+--------+--------+-----+--------+
         Total |   3907 |   3807 |    100 |    708 |   2327 |   3 | 1302.3 |
       Dungeon |   3907 |   3807 |    100 |    708 |   2327 |   3 | 1302.3 |
               +--------+--------+--------+--------+--------+-----+--------+

Top non-repeatable levels by time:
     D:1: 1615 daAuts
     D:3: 1593 daAuts
     D:2: 698 daAuts
